 Dungeon Crawl Stone Soup version 0.18.1-50-g88ac8fd (webtiles) character file.

498 spiff the Changer (level 7, -3/46 HPs)
             Began as an Octopode Transmuter on Sept 23, 2016.
             Was an Initiate of Cheibriados.
             Slain by cedor's ghost (7 damage)
             ... on level 4 of the Dungeon.
             The game lasted 00:16:02 (5428 turns).

spiff the Changer (Octopode Transmuter)             Turns: 5428, Time: 00:16:03

Health: -3/46      AC:  2    Str: 10    XL:     7   Next: 16%
Magic:  1/10       EV: 20    Int: 17    God:    Cheibriados [......]
Gold:   133        SH:  0    Dex: 20    Spells: 2 memorised, 6 levels left

rFire  . . .     SeeInvis .       - Unarmed
rCold  . . .     Gourm    .     (shield currently unavailable)
rNeg   . . .     Faith    .     (helmet currently unavailable)
rPois  x         Spirit   .     (no amulet)
rElec  .         Dismiss  .     (no ring)
rCorr  .         Reflect  .     (no ring)
SustAt .         Harm     .     (no ring)
MR     .....                    (no ring)
Stlth  ++........               (no ring)
                                (no ring)
                                (no ring)
                                (no ring)

@: lethally poisoned (-3 -> -5), spider-form (expiring), very slightly
contaminated, very slow, not resistant to hostile enchantments, unstealthy
A: almost no armour, (amphibious), 8 rings, (constrict 8), (camouflage 0),
(gelatinous body 0)
a: End Transformation, Bend Time, Renounce Religion


You were on level 4 of the Dungeon.
You worshipped Cheibriados.
Cheibriados was noncommittal.
You were not hungry.
You were a venomous arachnid creature.
You visited 2 branches of the dungeon, and saw 5 of its levels.

You collected 133 gold pieces.

Inventory:

Missiles
 a - 52 arrows
Scrolls
 d - 4 scrolls of enchant armour
 k - a scroll of enchant weapon
 r - 3 scrolls of identify
Potions
 e - a potion of brilliance {unknown}
 f - a potion of magic {unknown}
 g - 2 potions of agility
 h - a potion of curing
 l - a potion of cure mutation {unknown}
 n - a potion of haste {unknown}
 p - 2 potions of might {unknown}
Books
 b - a book of Changes

   Spells                             Type                      Level
   a - Beastly Appendage              Transmutation                1
   b - Sticks to Snakes               Transmutation                2
   c - Spider Form                    Transmutation/Poison         3
   d - Ice Form                       Ice/Transmutation            4
   e - Blade Hands                    Transmutation                5
Comestibles
 c - 4 bread rations
 i - 3 slices of pizza
 j - 3 meat rations
 m - 2 chunks of flesh


   Skills:
 + Level 3.0 Fighting
 - Level 2.0 Dodging
 - Level 5.0 Unarmed Combat
 - Level 2.0 Spellcasting
 + Level 5.5 Transmutations


You had 6 spell levels left.
You knew the following spells:

 Your Spells              Type           Power        Failure   Level  Hunger
a - Beastly Appendage     Trmt           ###...       8%          1    #......
q - Spider Form           Trmt/Pois      ##........   41%         3    ###....


Dungeon Overview and Level Annotations

Branches:
Dungeon (4/15)             Temple (1/1) D:4

Altars:
Cheibriados
Dithmenos
Makhleb
Nemelex Xobeh
Okawaru
Qazlal
Ru
Vehumet
Yredelemnul

Annotations:
D:2 exclusions: door and downstairs
D:3 simples's ghost, amateur SpEn
D:4 cedor's ghost, amateur DsAr


Innate Abilities, Weirdness & Mutations

You cannot wear most types of armour.
((You are amphibious.))
You can wear up to eight rings at the same time.
((You can use your tentacles to constrict eight enemies at once.))
((Your skin changes colour to match your surroundings (Stealth).))
((Your rubbery body absorbs attacks (AC +1).))


Message History

Confirm with . or Enter, or press ? or * to list all spells.
You miscast Spider Form.
You feel a strange surge of energy! Cedor's ghost hits you.
* * * LOW HITPOINT WARNING * * *
Casting: Spider Form
Confirm with . or Enter, or press ? or * to list all spells.
You turn into a venomous arachnid creature.
Your transformation is almost over.
Cedor's ghost barely misses you.
You hit cedor's ghost.
Cedor's ghost is severely damaged.
You feel sick. Cedor's ghost hits you!
* * * LOW HITPOINT WARNING * * *
You hit cedor's ghost.
Cedor's ghost is severely damaged.
Cedor's ghost closely misses you.
You hit cedor's ghost.
Cedor's ghost is almost destroyed.
Cedor's ghost hits you!
You die...

# #># # .. ##### #.# ##
...#####.8.#####.######.
........................
#......8.>.8####.######.
.###.......##...# ##
#.##.8.###.### # #.
#.#W.### #.# #
##.###.#s## #.# # .
...##.#.# #.# #
.#..##...# #†# #
...###..# #.#
#.##.###..### #.#
#.....#....####.#
.!##.#.#.#..#......#
#..............######
##.##.#.#.#.#.##


You could see cedor's ghost.

Vanquished Creatures
  A sky beast (D:4)
  A scorpion (D:4)
  A howler monkey (D:4)
  A hound (D:4)
  An orc priest (D:3)
  Natasha (twice) (D:4)
  A gnoll (D:1)
  10 adders
  A worm (D:3)
  10 dart slugs
  3 giant geckos (D:3)
  3 orcs
  3 giant cockroaches
  9 goblins
  8 hobgoblins
  2 jackals (D:3)
  8 kobolds
  3 quokkas
  A ball python (D:3)
  7 bats
  A giant gecko skeleton (D:4)
  5 giant newts
  A jackal skeleton (D:4)
  10 rats
93 creatures vanquished.

Notes
Turn   | Place    | Note
--------------------------------------------------------------
     0 | D:1      | spiff the Octopode Transmuter began the quest for the Orb.
     0 | D:1      | Reached XP level 1. HP: 13/13 MP: 3/3
   353 | D:1      | Reached XP level 2. HP: 16/18 MP: 3/5
   552 | D:1      | Reached XP level 3. HP: 23/23 MP: 6/6
  1638 | D:2      | Reached XP level 4. HP: 27/28 MP: 5/7
  1647 | D:2      | Found a sparkling altar of Nemelex Xobeh.
  1973 | D:2      | Found a basalt altar of Yredelemnul.
  2662 | D:3      | Learned a level 3 spell: Spider Form
  2805 | D:3      | Reached XP level 5. HP: 23/33 MP: 6/8
  3658 | D:3      | Noticed simples's ghost (amateur SpEn)
  3745 | D:3      | Found a stormy altar of Qazlal.
  4639 | D:4      | Reached skill level 5 in Unarmed Combat
  4639 | D:4      | Reached XP level 6. HP: 25/38 MP: 9/9
  4998 | D:4      | Found a staircase to the Ecumenical Temple.
  4998 | D:4      | Noticed Natasha
  5003 | D:4      | Killed Natasha
  5011 | Temple   | Entered the Ecumenical Temple
  5082 | Temple   | Became a worshipper of Cheibriados the Contemplative
  5235 | D:4      | Noticed a sky beast
  5251 | D:4      | Killed a sky beast
  5251 | D:4      | Reached skill level 5 in Transmutations
  5273 | D:4      | Noticed Natasha
  5279 | D:4      | Killed Natasha
  5346 | D:4      | Reached XP level 7. HP: 36/45 MP: 6/10
  5414 | D:4      | Noticed cedor's ghost (amateur DsAr)
  5428 | D:4      | Slain by cedor's ghost

Skill      XL: |  1  2  3  4  5  6  7 |
---------------+----------------------+-----
Transmutations | 3 4 5 |  5.5
Unarmed Combat | 4 5 |  5.0
Fighting       | 2 3 |  3.0
Dodging        | |  2.0
Spellcasting   | |  2.0

Action                   |  1- 3 |  4- 6 |  7- 9 || total
-------------------------+-------+-------+-------++-------
Melee: Unarmed           |    69 |   168 |    14 ||   251
       Constrict         |    21 |    32 |       ||    53
       Tentacles         |    11 |    13 |     1 ||    25
       Kick              |    14 |    16 |       ||    30
       Punch             |     1 |     2 |       ||     3
 Cast: Beastly Appendage |    13 |    15 |       ||    28
       Spider Form       |       |    11 |     2 ||    13
  Use: Scroll            |     2 |     5 |       ||     7
       Potion            |       |     2 |       ||     2
 Stab: Sleeping          |     2 |     7 |       ||     9
  Eat: Chunk             |     2 |    14 |       ||    16
Armor: Skin              |     7 |    12 |       ||    19
Dodge: Dodged            |    33 |    98 |     7 ||   138
